 Dungeon Crawl Stone Soup version 0.26.0-18-gc5c842f807 (webtiles) character file.

Game seed: 14822116994271208863

3109 pokeman the Thaumaturge (level 9, -2/48 HPs)
             Began as a Deep Elf Hedge Wizard on Jan 23, 2021.
             Was a Believer of Vehumet.
             Slain by a scorpion (3 damage)
             ... on level 8 of the Dungeon.
             The game lasted 00:24:24 (8240 turns).

pokeman the Thaumaturge (Deep Elf Hedge Wizard)     Turns: 8240, Time: 00:24:25

Health: -2/48      AC:  6    Str:  7      XL:     9   Next: 60%
Magic:  17/35      EV: 12    Int: 21 (23) God:    Vehumet [**....]
Gold:   400        SH:  4    Dex: 13 (14) Spells: 19/31 levels left

rFire    . . .     SeeInvis .   p - +2 short sword (elec)
rCold    . . .     Faith    .   q - +0 buckler
rNeg     + . .     Spirit   .   I - +1 leather armour {rN+}
rPois    .         Reflect  .   v - +0 helmet (curse)
rElec    .         Harm     .   (no cloak)
rCorr    +         Rampage  .   (no gloves)
Will     .....                  H - +0 pair of boots
Stlth    ++........             d - amulet of magic regeneration
HPRegen  0.16/turn              C - ring of resist corrosion
MPRegen  0.49/turn              y - ring of magical power

@: very slightly contaminated
A: no striking features
a: Renounce Religion


You were on level 8 of the Dungeon.
You worshipped Vehumet.
Vehumet was pleased with you.
You visited 2 branches of the dungeon, and saw 9 of its levels.

You collected 400 gold pieces.

Inventory:

Hand Weapons
 p - a +2 short sword of electrocution (weapon)
 F - a +0 shortbow
 G - a +0 whip of venom
Missiles
 f - 62 bolts
 i - 211 arrows
Armour
 c - a +1 helmet
 q - a +0 buckler (worn)
 v - a cursed +0 helmet (worn)
 H - a +0 pair of boots (worn)
 I - a +1 leather armour of positive energy (worn)
Magical Staves
 s - an uncursed staff of cold {unknown}
Jewellery
 d - an amulet of magic regeneration (around neck)
 e - an uncursed ring of see invisible
 w - an uncursed amulet of the acrobat
 y - a ring of magical power (right hand)
 B - a cursed ring of teleportation {unknown}
 C - a ring of resist corrosion (left hand)
Wands
 D - a wand of paralysis (14)
 E - a wand of flame (29)
 L - a wand of polymorph (6)
Scrolls
 a - a scroll of enchant armour {unknown}
 b - 3 scrolls of teleportation {unknown}
 h - 5 scrolls of identify {unknown}
 l - 3 scrolls of fear {unknown}
 n - 2 scrolls of immolation {unknown}
 t - 4 scrolls of amnesia {unknown}
 A - 2 scrolls of remove curse {unknown}
 J - a scroll of noise {unknown}
 K - a scroll of enchant weapon {unknown}
Potions
 j - 2 potions of magic
 k - a potion of might
 o - 2 potions of attraction {unknown}
 r - a potion of berserk rage {unknown}
 u - 2 potions of brilliance
 x - a potion of curing {unknown}
 z - a potion of mutation {unknown}


   Skills:
 - Level 2.0 Fighting
 + Level 2.6 Armour
 - Level 3.1 Dodging
 - Level 3.0 Stealth
 - Level 3.0 Shields
 * Level 11.7 Spellcasting
 + Level 6.5 Conjurations
 - Level 1.1 Summonings
 - Level 1.1 Translocations
 + Level 5.4 Fire Magic
 - Level 1.0 Air Magic
 - Level 1.0 Poison Magic
 - Level 1.0 Evocations


You had 19 spell levels left.
You knew the following spells:

 Your Spells              Type           Power        Failure   Level
a - Magic Dart            Conj           100%         1%          1
b - Mephitic Cloud        Conj/Pois/Air  24%          9%          3
c - Call Imp              Summ           17%          9%          2
d - Blink                 Tloc           N/A          9%          2
e - Conjure Flame         Conj/Fire      37%          2%          3
f - Foxfire               Conj/Fire      100%         1%          1

Your spell library contained the following spells:

 Spells                   Type           Power        Failure   Level
 Sandblast                Erth           24%          9%          1
 Animate Skeleton         Necr           24%          9%          1
 Pain                     Necr           48%          9%          1
 Slow                     Hex            12%          14%         2
 Vampiric Draining        Necr           6%           26%         3
 Animate Dead             Necr           6%           65%         4
 Agony                    Necr           12%          94%         5


Dungeon Overview and Level Annotations

Branches:
Dungeon (8/15)             Temple (1/1) D:5
   Lair: D:8-11

Altars:
Ashenzari
Dithmenos
Fedhas
Nemelex Xobeh
Okawaru
Uskayaw
Vehumet
Wu Jian
Xom
Yredelemnul
Zin
The Shining One

Annotations:
D:8 Joseph


Message History

You blink.
The scorpion seems less confused.
Joseph shoots a sling bullet.
The sling bullet closely misses you.
You see here a sling bullet.
Casting: Blink (safe; 9% risk of failure)
Confirm with . or Enter, or press ? or * to list all spells.
You miscast Blink.
You are very lightly contaminated with residual magic.
Nothing appears to happen.
The quasit bites you but does no damage.
The quasit claws you but does no damage.
The quasit closely misses you. The quasit barely misses you.
You block the quasit's attack. The quasit completely misses you.
Casting: Blink (safe; 9% risk of failure)
Confirm with . or Enter, or press ? or * to list all spells.
You blink.
The scorpion stings you.
* * * LOW HITPOINT WARNING * * *
Unknown command.
The scorpion stings you.
You die...

#.....F.............
#..#...[......##....
####...........)...(
######..................
#..#.##.................
#.....#.......$....g...
#§.....................
#...5....?....)†.......
###....@.......<.......
###...s.....S†....#...
#.....@.(.)......##
#........()....).##
#.......)o..)>.o..##..
##....................
#................#...
#.......o........###.
#...........>.....#


You could see Joseph, a scorpion, 2 orc priests, a quasit and an adder
(wandering).

Vanquished Creatures
  Prince Ribbit (D:7)
  A soldier ant (D:7)
  An orc warrior (D:7)
  3 sky beasts
  A black bear (D:7)
  2 ogres
  A necrophage (D:5)
  2 centaurs
  Blork the orc (D:4)
  2 bullfrogs
  3 scorpions
  4 killer bees (D:8)
  3 wights (D:6)
  2 electric eels (D:6)
  A centaur zombie (D:6)
  2 jellies
  A quasit (D:8)
  3 hounds
  6 orc wizards
  5 orc priests
  2 iguanas
  7 worker ants
  A hound zombie (D:7)
  2 hound skeletons
  12 gnolls
  11 adders
  2 shadow imps (D:5)
  An ufetubus (D:6)
  2 adder skeletons
  3 worms
  2 dart slugs
  3 leopard geckos
  44 orcs
  2 ball pythons
  5 giant cockroaches
  4 goblins
  6 hobgoblins
  5 jackals (D:2)
  5 quokkas
  A ball python skeleton (D:4)
  7 bats
  9 kobolds
  7 rats
188 creatures vanquished.

Vanquished Creatures (collateral kills)
  2 killer bees (D:8)
  An orc wizard (D:8)
  An orc (D:5)
  4 foxfires (D:6)
8 creatures vanquished.

Vanquished Creatures (others)
  An electric eel (D:6)
  247 foxfires
  A plant (D:6)
249 creatures vanquished.

Grand Total: 445 creatures vanquished

Notes
Turn   | Place    | Note
-------+----------+-------------------------------------------
     0 | D:1      | pokeman the Deep Elf Hedge Wizard began the quest for the
                  | Orb.
     0 | D:1      | Reached XP level 1. HP: 10/10 MP: 7/7
   337 | D:1      | Reached XP level 2. HP: 16/16 MP: 3/9
   920 | D:2      | Reached skill level 5 in Spellcasting
   982 | D:2      | Reached XP level 3. HP: 20/20 MP: 7/11
   986 | D:2      | Learned a level 3 spell: Mephitic Cloud
   989 | D:2      | Learned a level 2 spell: Call Imp
   992 | D:2      | Learned a level 2 spell: Blink
   998 | D:2      | Learned a level 3 spell: Conjure Flame
  1254 | D:2      | Reached skill level 1 in Fighting
  1387 | D:2      | Reached skill level 1 in Armour
  1711 | D:3      | Reached XP level 4. HP: 25/25 MP: 5/13
  1795 | D:3      | Reached skill level 6 in Spellcasting
  1795 | D:3      | Reached XP level 5. HP: 12/29 MP: 8/15
  2046 | D:3      | Reached skill level 1 in Shields
  2904 | D:4      | Reached skill level 1 in Fire Magic
  2904 | D:4      | Reached skill level 1 in Air Magic
  2937 | D:4      | Reached XP level 6. HP: 11/34 MP: 17/17
  3206 | D:4      | Reached skill level 7 in Spellcasting
  3206 | D:4      | Reached skill level 1 in Poison Magic
  3206 | D:4      | Reached skill level 1 in Evocations
  3702 | D:4      | Noticed Blork the orc
  3714 | D:4      | Killed Blork the orc
  4013 | D:4      | Reached XP level 7. HP: 38/38 MP: 20/20
  4023 | D:4      | Found a shimmering altar of Xom.
  4136 | D:5      | Entered Level 5 of the Dungeon
  4237 | D:5      | Reached skill level 8 in Spellcasting
  4555 | D:5      | Reached XP level 8. HP: 44/44 MP: 22/22
  4556 | D:5      | Reached skill level 9 in Spellcasting
  4688 | D:5      | Found a staircase to the Ecumenical Temple.
  4697 | Temple   | Entered the Ecumenical Temple
  4723 | Temple   | Became a worshipper of Vehumet
  5526 | D:6      | Reached skill level 5 in Conjurations
  5621 | D:6      | Reached * piety under Vehumet
  5621 | D:6      | Offered knowledge of Foxfire by Vehumet.
  5624 | D:6      | Learned a level 1 spell: Foxfire
  5815 | D:6      | Found a transporter.
  5894 | D:6      | Reached skill level 10 in Spellcasting
  6009 | D:6      | Found a glowing golden altar of the Shining One.
  6128 | D:6      | Found a transporter.
  6586 | D:7      | Reached XP level 9. HP: 42/48 MP: 25/25
  7470 | D:7      | Reached skill level 11 in Spellcasting
  7505 | D:7      | Offered knowledge of Sandblast by Vehumet.
  7662 | D:7      | Noticed Prince Ribbit
  7668 | D:7      | Killed Prince Ribbit
  7668 | D:7      | Reached ** piety under Vehumet
  7669 | D:7      | Reached skill level 5 in Fire Magic
  7839 | D:7      | HP: 3/72 [poisoned by a killer bee]
  7846 | D:7      | HP: 1/72 [poisoned by a killer bee]
  7853 | D:7      | HP: 1/72 [poisoned by a killer bee]
  7861 | D:7      | HP: 1/72 [poisoned by a killer bee]
  8224 | D:8      | Noticed Joseph
  8239 | D:8      | HP: 1/48 [scorpion (5)]
  8240 | D:8      | Slain by a scorpion

Illustrated notes

Levels and vault maps discovered:
D:1:      mainiacjoe_arrival_reflecting_pool, layout_basic, serial_forest,
          infiniplex_forest_end_1, infiniplex_forest_clump_diagonal,
          infiniplex_forest_lined_room_3, infiniplex_forest_lined_corner,
          infiniplex_forest_clump_curved, infiniplex_forest_straight_2,
          infiniplex_forest_lined_3_way, infiniplex_forest_clump_small,
          columned_hall_lemuel, skrybe_limestone_x
D:2:      layout_loops_ring
D:3:      layout_basic
D:4:      layout_loops_ring, tgw_xom, uniq_blork_the_orc
D:5:      layout_rooms, minmay_temple_entry_overgrown, minivault_24
D:6:      gammafunk_steamed_eel, layout_cave_pools, tso_metal_star
D:7:      layout_cave_pools, hex_medium, uniq_prince_ribbit1
D:8:      layout_cave_pools, minmay_misc_feat_plants, minivault_29, uniq_joseph
Temple:   regret_index_temple_sigil_plot

Skill      XL: |  1  2  3  4  5  6  7  8  9 |
---------------+----------------------------+-----
Spellcasting   | 5 6 7 8 10 11 | 11.7
Fighting       | 1 2 |  2.0
Conjurations   | 2 3 4 5 6 |  6.5
Armour         | 1 2 |  2.6
Dodging        | 3 |  3.1
Shields        | 1 2 3 |  3.0
Fire Magic     | 1 2 4 5 |  5.4
Air Magic      | 1 |  1.0
Poison Magic   | 1 |  1.0
Evocations     | 1 |  1.0
Stealth        | 3 |  3.0
Summonings     | |  1.1
Translocations | |  1.1

Action                   |  1- 3 |  4- 6 |  7- 9 || total
-------------------------+-------+-------+-------++-------
Melee: Short sword       |       |    49 |    50 ||    99
 Cast: Magic Dart        |   124 |   108 |   108 ||   340
       Mephitic Cloud    |       |    13 |    33 ||    46
       Call Imp          |       |     1 |       ||     1
       Conjure Flame     |       |     1 |     5 ||     6
       Foxfire           |       |       |   138 ||   138
       Blink             |       |       |     8 ||     8
  Use: Potion            |       |       |     5 ||     5
 Stab: Confused          |       |     8 |     3 ||    11
       Sleeping          |       |       |     1 ||     1
Armor: Robe              |     1 |       |       ||     1
       Leather armour    |       |     6 |    39 ||    45
Dodge: Dodged            |    17 |    36 |    87 ||   140
Block: Buckler           |       |       |    16 ||    16
